Map: Ruins of Seras

Players

Skizzle - Winner!

  • Race: Protoss Protoss
  • League: Diamond

Kimchi

  • Race: Zerg Zerg
  • League: Gold

VOD

Have the link to the VOD?

Description

Time

  • Played on: Jan. 8, 2016, 6:25 p.m.
  • Length: 20:59
Show
View Real Time Build Order
Export as new Build Order

Skizzle Protoss - Winner!

Build Orders:  

Get SALT Encoding   

  12  0:01  Probe (Chrono Boost)  
  13  0:11  Probe (Chrono Boost)  
  14  0:29  Pylon  
  14  0:30  Probe (Chrono Boost)  
  15  0:47  Probe (Chrono Boost)  
  16  0:50  Gateway  
  16  1:01  Gateway  
  16  1:12  Probe (Chrono Boost)  
  16  1:14  Assimilator  
  17  1:38  Cybernetics Core  
  17  1:41  Probe (Chrono Boost)  
  18  1:48  Pylon  
  18  2:00  Nexus  
  22  2:16  Adept (Chrono Boost)  
  22  2:17  Adept (Chrono Boost)  
  22  2:22  Assimilator  
  22  2:24  Warp Gate  
  22  2:35  Pylon  
  22  2:47  Probe  
  23  2:59  Probe  
  23  3:00  Forge  
  24  3:10  Probe  
  24  3:11  Probe  
  26  3:23  Probe  
  27  3:39  Pylon  
  27  3:41  Probe  
  27  3:42  Robotics Facility  
  27  3:43  Probe  
  29  3:59  Probe  
  30  4:03  Protoss Ground Weapons Level 1  
  30  4:10  Twilight Council  
  30  4:11  Gateway  
  30  4:31  Probe  
  30  4:32  Probe  
  30  4:36  Immortal (Chrono Boost)  
  30  4:37  Sentry x2  
  40  4:41  Probe  
  41  4:45  Probe  
  41  4:52  Probe  
  42  4:58  Probe  
  44  5:02  Probe  
  45  5:07  Charge  
  45  5:09  Warp Prism (Chrono Boost)  
  45  5:11  Zealot  
  49  5:15  Zealot  
  51  5:23  Probe  
  51  5:24  Gateway  
  52  5:36  Pylon  
  52  5:37  Sentry, Zealot  
  52  5:38  Zealot  
  58  5:54  Pylon  
  58  5:55  Pylon  
  58  6:00  Zealot x3  
  64  6:13  Immortal (Chrono Boost)  
  64  6:17  Gateway  
  68  6:28  Templar Archives  
  68  6:37  Probe  
  68  6:38  Probe  
  68  6:39  Pylon  
  70  6:40  Pylon  
  70  6:43  Zealot  
  72  6:47  Mothership Core  
  74  6:59  Zealot x3  
  80  7:09  Nexus  
  80  7:16  Zealot  
  80  7:17  Zealot  
  84  7:34  Zealot  
  84  7:35  Zealot x2  
  90  7:39  Zealot x2  
  94  8:10  Psionic Storm  
  94  8:13  Pylon  
  94  8:15  Pylon, Assimilator  
  94  8:19  Probe, Assimilator  
  94  8:21  Probe  
  96  8:29  Probe  
  96  8:30  Probe  
  96  8:33  Probe  
  99  8:36  Protoss Ground Weapons Level 2  
  99  8:40  Probe x2  
  99  8:45  Probe  
  100  8:50  Probe  
  95  8:57  Pylon  
  95  8:58  Probe, Pylon  
  95  8:59  Probe, Stargate  
  95  9:00  Stargate  
  95  9:01  Probe  
  98  9:08  Probe  
  98  9:11  Probe x2  
  101  9:19  Probe, Gateway  
  101  9:20  Gateway  
  101  9:22  Gateway  
  101  9:23  Probe (Chrono Boost)  
  103  9:25  Gateway  
  103  9:30  Probe (Chrono Boost)  
  105  9:31  Immortal (Chrono Boost)  
  105  9:32  Probe (Chrono Boost)  
  105  9:35  Probe (Chrono Boost)  
  110  9:44  Probe (Chrono Boost)  
  112  9:45  Probe (Chrono Boost)  
  112  9:46  Probe (Chrono Boost), Pylon  
  112  9:49  Assimilator  
  112  9:52  Assimilator  
  113  9:56  Probe (Chrono Boost)  
  113  9:57  Probe (Chrono Boost)  
  113  9:58  Probe (Chrono Boost)  
  116  10:05  Phoenix x2  
  120  10:08  Observer  
  120  10:09  Probe (Chrono Boost)  
  120  10:11  Probe (Chrono Boost)  
  123  10:25  Probe x2 (Chrono Boost)  
  123  10:26  Observer  
  123  10:27  Probe (Chrono Boost)  
  126  10:30  Pylon, Phoenix  
  126  10:32  Nexus  
  126  10:33  Phoenix  
  126  10:35  Probe (Chrono Boost), Pylon, Protoss Air Weapons Level 1  
  132  10:37  Pylon  
  132  10:38  Pylon  
  132  10:48  Observer  
  132  10:52  Forge  
  133  10:58  High Templar x2  
  133  10:59  Zealot x3  
  133  11:00  Zealot x3  
  133  11:03  Archon  
  149  11:07  Observer  
  150  11:17  Phoenix  
  152  11:19  Phoenix  
  152  11:21  Photon Cannon  
  152  11:23  Probe x2 (Chrono Boost)  
  152  11:25  Probe (Chrono Boost), Photon Cannon  
  157  11:26  Photon Cannon  
  157  11:34  Protoss Ground Weapons Level 3 (Chrono Boost)  
  157  11:36  Protoss Ground Armor Level 1 (Chrono Boost)  
  157  11:42  Fleet Beacon  
  157  11:47  Gateway  
  157  12:03  High Templar x2  
  157  12:04  Zealot x4  
  157  12:05  Zealot x3  
  175  12:16  Phoenix x2  
  179  12:31  Anion Pulse-Crystals  
  179  12:37  Pylon  
  179  12:46  Phoenix  
  179  12:49  Phoenix  
  183  12:52  High Templar x2  
  183  12:58  Nexus  
  187  13:00  Assimilator  
  187  13:05  Assimilator  
  187  13:08  Pylon x2  
  187  13:11  Phoenix  
  187  13:12  Assimilator  
  189  13:14  Phoenix  
  189  13:16  Photon Cannon  
  189  13:18  Assimilator  
  191  13:22  Photon Cannon  
  191  13:28  Pylon  
  191  13:36  High Templar  
  191  13:37  High Templar x2  
  195  14:01  Archon x2  
  178  14:12  Phoenix x2  
  182  14:37  Phoenix x2  
  186  14:50  Protoss Air Weapons Level 2 (Chrono Boost)  
  186  15:02  Phoenix x2  
  190  15:26  Carrier  
  194  16:04  Phoenix  
  196  16:16  Protoss Shields Level 1  
  196  16:27  Protoss Ground Armor Level 2  
  196  16:29  Phoenix  
  198  16:52  Phoenix  
  198  18:19  Phoenix  
  200  18:24  Protoss Air Weapons Level 3 (Chrono Boost)  
Show
View Real Time Build Order
Export as new Build Order

Kimchi Zerg 

Build Orders: Hatch First 

Get SALT Encoding   

  12  0:01  Drone  
  13  0:12  Overlord  
  13  0:18  Drone  
  14  0:31  Drone x2  
  14  0:34  Drone  
  17  0:56  Hatchery  
  16  1:00  Drone  
  17  1:12  Spawning Pool  
  17  1:15  Extractor  
  17  1:16  Drone  
  16  1:21  Drone  
  17  1:31  Drone x2  
  19  1:53  Hatchery  
  18  1:56  Drone  
  18  2:00  Drone  
  20  2:03  Drone  
  21  2:13  Queen  
  23  2:20  Metabolic Boost  
  23  2:25  Drone  
  23  2:27  Drone  
  25  2:36  Queen  
  27  2:40  Drone  
  28  2:51  Overlord x2  
  28  3:05  Drone x3  
  30  3:06  Drone x3  
  30  3:12  Drone  
  34  3:21  Zergling x2  
  33  3:33  Drone x2  
  33  3:34  Drone x2  
  36  3:35  Zergling x2  
  36  3:37  Zergling x2  
  37  3:47  Queen  
  39  3:50  Zergling x2  
  39  3:53  Zergling x2  
  39  3:56  Zergling x2  
  39  4:01  Drone x2  
  40  4:04  Drone  
  40  4:05  Drone  
  40  4:07  Drone  
  41  4:12  Drone x2  
  41  4:14  Drone  
  44  4:32  Drone  
  44  4:33  Drone x5  
  50  4:56  Overlord  
  50  4:57  Overlord x7  
  50  5:03  Extractor  
  50  5:04  Drone  
  50  5:06  Extractor  
  50  5:07  Drone  
  50  5:16  Drone x3  
  50  5:17  Drone x2, Extractor  
  50  5:18  Drone  
  50  5:20  Drone x2  
  57  5:22  Drone x2  
  57  5:25  Drone  
  60  5:32  Drone x2  
  62  5:40  Drone x3  
  62  5:42  Roach Warren  
  64  5:44  Drone x3  
  64  5:45  Overlord  
  64  5:46  Evolution Chamber  
  64  5:49  Evolution Chamber  
  65  5:51  Drone  
  65  5:53  Drone x4  
  65  5:54  Drone  
  65  5:55  Drone  
  72  5:59  Drone x2  
  74  6:09  Drone x2  
  74  6:11  Drone  
  77  6:13  Lair  
  77  6:17  Zerg Missile Weapons Level 1  
  77  6:20  Zerg Ground Armor Level 1  
  77  6:21  Drone  
  77  6:22  Drone x2  
  77  6:24  Drone  
  77  6:25  Drone  
  82  6:26  Drone  
  82  6:27  Drone  
  82  6:29  Drone x2  
  82  6:32  Drone x2  
  88  6:33  Drone  
  88  6:35  Drone  
  90  6:43  Drone x2  
  90  6:45  Drone x2  
  90  6:46  Drone x2  
  96  6:49  Drone  
  96  6:53  Drone  
  96  6:54  Drone  
  77  7:01  Roach x3  
  77  7:02  Roach x4  
  77  7:07  Roach  
  79  7:12  Spine Crawler  
  79  7:13  Spine Crawler  
  79  7:14  Spine Crawler  
  79  7:15  Spine Crawler, Zergling x4  
  77  7:20  Roach  
  77  7:27  Roach  
  75  7:34  Roach  
  75  7:35  Roach  
  77  7:43  Roach  
  77  7:47  Roach  
  71  7:52  Roach  
  71  7:55  Roach  
  62  8:03  Roach  
  43  8:14  Roach  
  36  8:25  Roach  
  32  8:37  Spawning Pool  
  29  8:44  Drone  
  25  8:48  Roach  
  27  8:58  Roach  
  29  9:09  Roach  
  31  9:28  Hatchery  
  30  9:35  Drone x2  
  32  9:39  Zerg Missile Weapons Level 2  
  32  9:40  Zerg Ground Armor Level 2  
  32  9:42  Roach  
  32  9:43  Hatchery  
  33  9:50  Hatchery, Roach  
  34  10:08  Drone  
  34  10:13  Drone  
  36  10:23  Drone  
  37  10:37  Drone  
  37  10:40  Drone  
  39  10:44  Drone  
  40  10:53  Queen  
  40  10:54  Overlord  
  40  10:55  Overlord  
  40  10:56  Queen  
  44  11:00  Queen  
  46  11:07  Queen  
  46  11:11  Drone  
  49  11:13  Drone  
  49  11:16  Drone  
  51  11:19  Drone  
  51  11:21  Drone  
  51  11:23  Drone  
  54  11:26  Drone  
  54  11:28  Drone  
  56  11:34  Drone x2  
  56  11:35  Drone  
  59  11:42  Drone  
  59  11:43  Zergling x4  
  59  11:46  Drone x2  
  64  11:54  Roach  
  64  11:55  Roach  
  64  11:56  Roach  
  64  11:58  Roach  
  74  12:01  Roach  
  74  12:07  Drone x3  
  77  12:10  Drone x2  
  77  12:11  Drone  
  77  12:12  Drone  
  77  12:14  Drone x2  
  83  12:18  Drone x2  
  83  12:21  Drone x2  
  83  12:22  Drone  
  88  12:26  Drone  
  88  12:27  Drone  
  88  12:28  Drone  
  92  12:30  Drone x2  
  92  12:34  Drone  
  92  12:35  Drone x2  
  96  12:43  Drone  
  96  12:44  Drone x3  
  98  12:45  Drone x2  
  102  12:52  Roach x2  
  102  12:53  Roach  
  102  12:56  Extractor  
  102  12:58  Roach x2  
  111  13:00  Roach  
  111  13:01  Extractor  
  111  13:04  Roach  
  111  13:05  Roach  
  116  13:08  Roach x2  
  116  13:10  Roach  
  122  13:15  Roach x2  
  122  13:16  Roach  
  122  13:17  Roach  
  130  13:21  Roach x2  
  130  13:22  Roach  
  137  13:34  Ravager  
  137  13:35  Ravager x7  
  87  14:08  Roach x3  
  87  14:09  Roach x2  
  80  14:10  Zergling x8  
  80  14:11  Zergling x6  
  81  14:17  Spine Crawler  
  81  14:18  Spine Crawler x2  
  81  14:21  Zergling x8  
  72  14:27  Spine Crawler  
  72  14:28  Spine Crawler  
  72  14:29  Spine Crawler  
  64  14:31  Roach  
  64  14:32  Roach x2  
  66  14:39  Roach  
  66  14:40  Roach  
  70  14:56  Extractor x2  
  68  15:01  Extractor  
  68  15:07  Overlord x4  
  67  15:08  Overlord x3  
  67  15:13  Overlord  
  67  15:14  Overlord x4  
  63  15:26  Spore Crawler  
  55  15:28  Drone x2  
  55  15:29  Spore Crawler  
  55  15:30  Zergling x4  
  55  15:31  Zergling x2  
  55  15:32  Zergling x2  
  54  15:39  Drone  
  54  15:42  Drone x2  
  56  15:45  Drone x2  
  56  15:46  Drone  
  56  15:47  Ravager x4  
  56  15:48  Ravager  
  52  16:13  Overlord  
  52  16:14  Overlord x2  
  49  16:33  Roach  
  51  16:40  Overlord  
  25  18:40  Drone  
  20  19:03  Zergling x2  
  8  19:46  Drone  
Tags
 
Add a new tag
Caveats
  • Supply blocks, unpowered buildings, or Contaminate may cause inaccurate times.
  • Supply counts are checked every 10 seconds.